 Dungeon Crawl Stone Soup version 0.29.1 (webtiles) character file.

Game seed: 619589913400920708

70 oldmanjim the Stinger (level 4, -14/27 HPs)
             Began as an Octopode Venom Mage on Sept 14, 2022.
             Was an Initiate of Gozag.
             Demolished by an ogre
             ... wielding a +0 giant club
              (34 damage)
             ... on level 4 of the Dungeon on Sept 15, 2022.
             The game lasted 00:25:51 (3623 turns).

oldmanjim the Stinger (Octopode Venom Mage)         Turns: 3623, Time: 00:25:57

Health: -14/27     AC:  1    Str:  7    XL:     4   Next: 21%
Magic:  4/8        EV: 13    Int: 19    God:    Gozag
Gold:   49         SH:  0    Dex: 12    Spells: 3/9 levels left

rFire   . . .      SeeInvis .   (no weapon)
rCold   . . .      Faith    .   (no shield)
rNeg    . . .      Spirit   .   (helmet restricted)
rPois   .          Reflect  .   (no amulet)
rElec   .          Harm     .   (no ring)
rCorr   .          Rampage  .   (no ring)
Will    .....                   (no ring)
Stlth   +++.......              (no ring)
HPRegen 0.09/turn               (no ring)
MPRegen 0.11/turn               (no ring)
                                (no ring)
                                (no ring)

@: no status effects
A: almost no armour, amphibious, 8 rings, camouflage 1, gelatinous body 1,
(nimble swimmer 1), tentacles
a: Renounce Religion, Potion Petition, Call Merchant, Bribe Branch


You were on level 4 of the Dungeon.
You worshipped Gozag.
Gozag was noncommittal.
You visited 2 branches of the dungeon, and saw 5 of its levels.

You collected 98 gold pieces.
You paid 49 gold pieces to Gozag.

Inventory:

Hand Weapons
 r - a +0 dagger
Missiles
 c - 6 stones
 j - 6 boomerangs (quivered)
 p - 4 poisoned darts
Wands
 n - a wand of polymorph (7)
Scrolls
 b - 2 scrolls of enchant armour {unknown}
 d - 3 scrolls of identify {unknown}
 e - a scroll of amnesia {unknown}
 f - a scroll of summoning {unknown}
 i - a scroll of vulnerability {unknown}
 k - a scroll of brand weapon {unknown}
 l - 2 scrolls of noise {unknown}
 m - a scroll of fear {unknown}
 o - 2 scrolls of teleportation {unknown}
Potions
 a - a potion of magic
 g - a potion of degeneration {unknown}
 h - a potion of lignification {unknown}
 q - a potion of ambrosia {unknown}


   Skills:
 + Level 0.5 Fighting
 - Level 2.0 Dodging
 - Level 3.0 Stealth
 - Level 3.0 Spellcasting
 - Level 1.5 Transmutations
 + Level 1.5 Air Magic
 - Level 4.0 Poison Magic


You had 3 spell levels left.
You knew the following spells:

 Your Spells              Type           Power      Damage    Failure   Level
a - Sting                 Tmut/Pois      52%        1d5       4%          1
b - Poisonous Vapours     Pois/Air       26%        N/A       8%          2
c - Mephitic Cloud        Conj/Pois/Air  9%         N/A       22%         3

Your spell library contained the following spells:

 Spells                   Type           Power      Damage    Failure   Level
 Olgreb's Toxic Radiance  Pois           18%        N/A       28%         4


Dungeon Overview and Level Annotations

Branches:
Dungeon (4/15)             Temple (1/1) D:4

Altars:
Ashenzari
Dithmenos
Fedhas
Gozag
Nemelex Xobeh
Okawaru
Qazlal
Wu Jian
Xom
Zin
The Shining One


Innate Abilities, Weirdness & Mutations

You cannot wear most types of armour.
You are amphibious.
You can wear up to eight rings at the same time.
Your skin changes colour to match your surroundings (Stealth+).
Your rubbery body absorbs attacks. (AC +1, EV +1)
((You are camouflaged when in or above water. (Stealth+)))
You have tentacles for arms and can constrict up to eight enemies at once.


Message History

Aim: an ogre, wielding a +0 giant club Poisonous vapours surround the ogre!
The ogre is poisoned.
Found a scroll labelled JOFRAPHOAFI.
Casting: Poisonous Vapours (safe; 8% risk of failure)
Confirm with . or Enter, or press ? or * to list all spells.
Aiming: Sting (safe; 4% risk of failure)
Press: ? - help, Shift-Dir - straight line, f/p - ogre
Aim: an ogre, wielding a +0 giant club (lightly wounded, poisoned, 86% to hit)
The sting hits the ogre.
The ogre looks even sicker.
The ogre is lightly wounded.
The ogre attacks as you move away! The ogre closely misses you.
You hear the slow rusting of a very distant drain.
Casting: Sting (safe; 4% risk of failure)
Confirm with . or Enter, or press ? or * to list all spells.
Aiming: Sting (safe; 4% risk of failure)
Press: ? - help, Shift-Dir - straight line, f/p - ogre
Aim: an ogre, wielding a +0 giant club (moderately wounded, poisoned, 86% to hit)
The sting hits the ogre.
The ogre looks even sicker.
The ogre is moderately wounded.
The ogre hits you with a +0 giant club!
Casting: Sting (safe; 4% risk of failure)
Confirm with . or Enter, or press ? or * to list all spells.
Aiming: Sting (safe; 4% risk of failure)
Press: ? - help, Shift-Dir - straight line, f/p - ogre
Aim: an ogre, wielding a +0 giant club (heavily wounded, poisoned, 86% to hit)
The sting hits the ogre but does no damage.
The ogre looks even sicker.
The ogre is heavily wounded.
The ogre attacks as you move away! The ogre barely misses you.
Casting: Sting (safe; 4% risk of failure)
Confirm with . or Enter, or press ? or * to list all spells.
Aiming: Sting (safe; 4% risk of failure)
Press: ? - help, Shift-Dir - straight line, f/p - ogre
Aim: an ogre, wielding a +0 giant club (severely wounded, poisoned, 86% to hit)
The sting hits the ogre.
The ogre looks even sicker.
The ogre is almost dead.
The ogre hits you with a +0 giant club!!
Ouch! That really hurt!
You die...
Your body crumbles into a pile of gold.

.......# #####....?.##
###. ......... #..
#....... $ #.# #.......
.. ######.#####......
... $
$..........#.#..## #.#
###....###.#.#...###.#
$.......##.#...#@.##.#
#.#####.##.#..###O.#.##
.># #.#.$..#+#'#....#
#.#####.#...###.###...#
#.#........###$_ ##..#
#.#.###.#...### ##..##
..# ...#.#..## ##..##
### #.###.#..O###..##
#. #.#.#..#..##


You could see an ogre (very poisoned).

Vanquished Creatures
  An adder (D:2)
  A worm (D:2)
  2 dart slugs (D:1)
  An orc (D:4)
  8 endoplasms
  4 giant cockroaches
  4 goblins
  5 hobgoblins
  4 jackals (D:1)
  A quokka (D:1)
  3 ball pythons
  4 bats (D:1)
  2 frilled lizards (D:1)
  2 kobolds
  6 rats
48 creatures vanquished.

Notes
Turn   | Place    | Note
-------+----------+-------------------------------------------
     0 | D:1      | oldmanjim the Octopode Venom Mage began the quest for the
                  | Orb.
     0 | D:1      | Reached XP level 1. HP: 11/11 MP: 3/3
   195 | D:1      | Reached XP level 2. HP: 15/17 MP: 0/5
   376 | D:1      | Learned a level 2 spell: Poisonous Vapours
   498 | D:1      | Found a faded altar of an unknown god.
   510 | D:1      | Reached skill level 4 in Poison Magic
   924 | D:1      | Reached XP level 3. HP: 21/21 MP: 4/6
   928 | D:1      | Learned a level 3 spell: Mephitic Cloud
  1794 | D:1      | Found a faded altar of an unknown god.
  2174 | D:2      | Reached skill level 1 in Air Magic
  2613 | D:2      | Reached XP level 4. HP: 27/27 MP: 5/8
  3455 | D:3      | You fall into a shaft and drop 1 floor!
  3474 | D:4      | Found a staircase to the Ecumenical Temple.
  3479 | Temple   | Entered the Ecumenical Temple
  3498 | Temple   | Became a worshipper of Gozag Ym Sagoz the Greedy
  3581 | D:4      | Noticed an ogre
  3597 | D:4      | Found a sparkling altar of Nemelex Xobeh.
  3623 | D:4      | Demolished by an ogre

Illustrated notes

Levels and vault maps discovered:
D:1:      tarquinn_simple_flora_water_e, layout_rooms,
          shapermc_ecumenical_altar_pompeii
D:2:      layout_basic, kennysheep_generic_room_14
D:3:      layout_loops_ring, nicolae_ru_path_of_blood, serial_shops, shop
D:4:      layout_basic, nicolae_uskayaw_murder_on_the_dancefloor,
          nemelex_diamond_rough_becter, temple_doors_e, portal_sewer_entry_b,
          abandoned_shop, minmay_bisected
Temple:   hellmonk_temple_rainy

Skill      XL: |  1  2  3 |
---------------+----------+-----
Stealth        | 3 |  3.0
Poison Magic   | 4 |  4.0
Air Magic      | 1 |  1.5
Spellcasting   | 3 |  3.0
Fighting       | |  0.5
Dodging        | |  2.0
Transmutations | |  1.5

Action                   |  1- 3 |  4- 6 || total
-------------------------+-------+-------++-------
Melee: Unarmed           |     9 |       ||     9
       Constrict         |     5 |       ||     5
       Tentacles         |     3 |       ||     3
Throw: Stone             |     1 |       ||     1
 Cast: Sting             |    40 |    16 ||    56
       Poisonous Vapours |    30 |     6 ||    36
Armor: Skin              |     5 |       ||     5
Dodge: Dodged            |    34 |     4 ||    38
